 Dungeon Crawl Stone Soup version 0.29.0-4-gdea44cf6ec (webtiles) character file.

Game seed: 4612362034112577454

43 qw the Chopper (level 3, -5/31 HPs)
             Began as a Minotaur Fighter on Sept 5, 2022.
             Slain by a gnoll
             ... wielding a +0 flail
             ... led by a gnoll bouda
              (6 damage)
             ... on level 2 of the Dungeon.
             The game lasted 00:00:28 (899 turns).

qw the Chopper (Minotaur Fighter)                    Turns: 899, Time: 00:00:28

Health: -5/31      AC:  8    Str: 22    XL:     3   Next: 37%
Magic:  2/2        EV:  9    Int:  5    God:
Gold:   23         SH:  4    Dex:  9    Spells: 2/2 levels left

rFire   . . .      SeeInvis .   Y - +0 war axe
rCold   . . .      Faith    .   c - +0 buckler
rNeg    + . .      Spirit   .   b - +0 scale mail
rPois   .          Reflect  .   (helmet restricted)
rElec   .          Harm     .   (no cloak)
rCorr   .          Rampage  .   e - +0 pair of gloves
Will    .....                   (no boots)
Stlth   ..........              (no amulet)
HPRegen 0.10/turn               i - ring of positive energy
MPRegen 0.08/turn               (no ring)

@: weakened
A: horns 2, retaliatory headbutt
a: no special abilities


You were on level 2 of the Dungeon.
You visited 1 branch of the dungeon, and saw 2 of its levels.

You collected 23 gold pieces.


Innate Abilities, Weirdness & Mutations

You have a pair of horns on your head.
You reflexively headbutt those who attack you in melee.


   Skills:
 - Level 3.6 Fighting
 + Level 4.7 Axes
 - Level 3.6 Armour
 - Level 3.6 Shields


You had 2 spell levels left.
You didn't know any spells.
Your spell library was empty.

Inventory:

Hand Weapons
 f - a +0 whip
 Y - a +0 war axe (weapon)
Armour
 b - a +0 scale mail (worn)
 c - a +0 buckler (worn)
 e - a +0 pair of gloves (worn)
Jewellery
 i - a ring of positive energy (left hand)
Scrolls
 a - a scroll of identify
Potions
 d - 2 potions of might
 g - a potion of brilliance {unknown}
 h - a potion of cancellation {unknown}
 k - a potion of haste {unknown}

Dungeon Overview and Level Annotations

Branches:
Dungeon (2/15)

Altars:


Message History

You hit the gnoll.
The gnoll is heavily wounded.
A gnoll comes into view. It is wielding a +0 spear.
The gnoll hits you with a +0 club.
890 ||| Stepping ~*~*~tactically~*~*~ (stealth).
891 ||| Stepping ~*~*~tactically~*~*~ (stealth).
A gnoll comes into view. It is wielding a +0 flail.
The gnoll shouts! x2; You hear a shout!
892 ||| Stepping ~*~*~tactically~*~*~ (hiding).
893 ||| Stepping ~*~*~tactically~*~*~ (hiding).
You barely miss the gnoll.
The gnoll is heavily wounded.
The gnoll hits you but does no damage. The gnoll hits you with a +0 club!
The gnoll bouda barks out a call to the hunt!
The gnoll picks up the pace!
You closely miss the gnoll. Your headbutt misses the gnoll.
The gnoll is heavily wounded.
You hit the gnoll. The gnoll hits you but does no damage.
The gnoll hits you with a +0 club.
You barely miss the gnoll.
The gnoll is heavily wounded.
You barely miss the gnoll. The gnoll hits you with a +0 flail.
The gnoll hits you but does no damage. The gnoll hits you with a +0 club.
The gnoll bouda gazes fiercely through you!
You feel your attacks grow feeble.
You slash the gnoll!
You kill the gnoll!
You barely miss the gnoll. You block the gnoll's attack.
The gnoll barely misses you. The gnoll hits you with a +0 flail!
The gnoll closely misses you.
You hit the gnoll but do no damage.
The gnoll is lightly wounded.
You hit the gnoll. The gnoll closely misses you.
You hit the gnoll. You headbutt the gnoll.
You kill the gnoll!
You closely miss the gnoll. The gnoll closely misses you.
The gnoll hits you with a +0 flail.
You die...

...........#
...........#
.......#...##.#
.......#......#
.......+..##### #
.......#.#....##...
##
......g............
.##
......gg...##.#####
..#####
#######@)..##.#
#.....# #.......#
......# ##...%#####
......# .#.##
#.........#######
......+ ....
#..##...##.......#
......# .... #..
#...##.#####.#
...######..
#..##...##.###
#.#.# ..#........
...##...##...#
#...< ...######.#
###.##...##.#.#
#....


You could see a gnoll bouda and 2 gnolls.

Vanquished Creatures
  2 gnolls (D:2)
  An adder (D:2)
  An endoplasm (D:1)
  A giant cockroach (D:2)
  A goblin (D:1)
  6 hobgoblins
  4 kobolds (D:1)
  5 ball pythons
  3 bats (D:1)
  A rat (D:2)
25 creatures vanquished.

Notes
Turn   | Place    | Note
-------+----------+-------------------------------------------
     0 | D:1      | qw the Minotaur Fighter began the quest for the Orb.
     0 | D:1      | Reached XP level 1. HP: 19/19 MP: 0/0
     0 | D:1      | 0 ||| qw: Version: 0.1-a-104-g96f76f8
     0 | D:1      | 0 ||| qw: Game counter: 5825
     0 | D:1      | 0 ||| qw: Always use a shield: true
     0 | D:1      | 0 ||| qw: God list: Ru
     0 | D:1      | 0 ||| qw: Allow faded altars: false
     0 | D:1      | 0 ||| qw: Do Orc after D:15 true
     0 | D:1      | 0 ||| qw: Do second Lair branch before Depths: true
     0 | D:1      | 0 ||| qw: Lair rune preference: random
     0 | D:1      | 0 ||| qw: Plans: Normal
     0 | D:1      | 0 ||| PLANNING D:1-11
    25 | D:1      | Found a faded altar of an unknown god.
    90 | D:1      | 90 ||| Stepping ~*~*~tactically~*~*~ (stealth).
    95 | D:1      | Reached skill level 3 in Axes
   169 | D:1      | Reached XP level 2. HP: 26/26 MP: 1/1
   492 | D:1      | 492 ||| UPGRADING to +0 pair of gloves.
   497 | D:1      | 497 ||| UPGRADING to ring of positive energy.
   498 | D:1      | 498 ||| READING scroll labelled SICKUO NEROTAM.
   499 | D:1      | 499 ||| READING scroll labelled GAS TOIPRONIU.
   504 | D:1      | 504 ||| READING scroll labelled HUB FENOTZEFALL.
   505 | D:1      | 505 ||| READING scroll labelled ILOINW HU NAUCS.
   526 | D:2      | 526 ||| STAIRDANCE
   532 | D:2      | 532 ||| STAIRDANCE
   630 | D:2      | 630 ||| Stepping ~*~*~tactically~*~*~ (stealth).
   643 | D:2      | Reached skill level 4 in Axes
   682 | D:2      | 682 ||| Stepping ~*~*~tactically~*~*~ (stealth).
   690 | D:2      | Reached XP level 3. HP: 31/31 MP: 2/2
   886 | D:2      | 886 ||| Stepping ~*~*~tactically~*~*~ (stealth).
   890 | D:2      | 890 ||| Stepping ~*~*~tactically~*~*~ (stealth).
   891 | D:2      | 891 ||| Stepping ~*~*~tactically~*~*~ (stealth).
   892 | D:2      | 892 ||| Stepping ~*~*~tactically~*~*~ (hiding).
   893 | D:2      | 893 ||| Stepping ~*~*~tactically~*~*~ (hiding).
   897 | D:2      | HP: 1/31 [gnoll/+0 flail[a gnoll bouda] (10)]
   899 | D:2      | Slain by a gnoll

Levels and vault maps discovered:
D:1:      lemuel_arrival_funnel, layout_rooms, ebering_ecumenical_altar_rust
D:2:      layout_basic, kennysheep_decorative_pillar, grunt_ministairs_1,
          chequers_decorated_corner, chequers_jeans

Skill      XL: |  1  2 |
---------------+-------+-----
Axes           | 3 4 |  4.7
Fighting       | |  3.6
Armour         | |  3.6
Shields        | |  3.6

Action                   || total
-------------------------++-------
Melee: War axe           ||    50
       Headbutt          ||     6
  Use: Scroll            ||     4
Armor: Scale mail        ||    20
Dodge: Dodged            ||    19
Block: Buckler           ||    15

Table legend:
 A = Non-vault XP
 B = Vault XP
 C = Vault XP percentage of total XP
 D = Non-vault monster count
 E = Vault monster count
 F = Vault count percentage of total count
                 A         B        C        D         E       F
            +---------+---------+-------+---------+---------+-------
      Total |      72 |       4 |   5.3 |      23 |       2 |   8.0
            +---------+---------+-------+---------+---------+-------
        D:1 |      21 |       4 |  16.0 |      14 |       2 |  12.5
        D:2 |      51 |       0 |   0.0 |       9 |       0 |   0.0
            +---------+---------+-------+---------+---------+-------
